 Dungeon Crawl Stone Soup version 0.28-a0-1236-gb25a51b929 (webtiles) character file.

Game seed: 11606312077239583657

47 croobank the Gusty (level 3, -4/16 HPs)
             Began as a Vine Stalker Air Elementalist on Dec 26, 2021.
             Slain by an orc (9 damage)
             ... on level 3 of the Dungeon.
             The game lasted 00:08:46 (2992 turns).

croobank the Gusty (Vine Stalker Air Elementalist)  Turns: 2992, Time: 00:08:46

Health: -4/16      AC:  3    Str: 12    XL:     3   Next: 70%
Magic:  0/7        EV: 12    Int: 15    God:
Gold:   96         SH:  0    Dex: 14    Spells: 0/7 levels left

rFire   . . .      SeeInvis .   k - +0 hand axe
rCold   . . .      Faith    .   (no shield)
rNeg    . . .      Spirit   +   a - +0 robe
rPois   .          Reflect  .   (no helmet)
rElec   .          Harm     .   (no cloak)
rCorr   .          Rampage  .   (no gloves)
Will    .....                   g - +0 pair of boots
Stlth   ++........              (no amulet)
HPRegen 0.05/turn               (no ring)
MPRegen 0.10/turn               (no ring)

@: no status effects
A: fangs 2, magic shield, antimagic bite, no potion heal 2
a: no special abilities


You were on level 3 of the Dungeon.
You visited 1 branch of the dungeon, and saw 3 of its levels.

You collected 96 gold pieces.

Inventory:

Hand Weapons
 c - a +0 dagger
 k - a +0 hand axe (weapon)
Missiles
 e - 28 stones
 i - 24 arrows
 q - 4 boomerangs
 r - 9 poisoned darts
Armour
 a - a +0 robe (worn)
 b - a +0 leather armour
 g - a +0 pair of boots (worn)
 j - a +0 ring mail
Jewellery
 m - a ring of fire
Wands
 l - a wand of flame (23)
Scrolls
 f - a scroll of teleportation
 p - a scroll of summoning {unknown}
Potions
 d - a potion of haste {unknown}
 h - a potion of curing {unknown}
 n - a potion of cancellation {unknown}
 o - a potion of heal wounds {unknown}


   Skills:
 + Level 2.0 Dodging
 + Level 3.1 Stealth
 + Level 2.6 Spellcasting
 + Level 1.6 Conjurations
 + Level 3.3 Air Magic


You couldn't memorise any spells.
You knew the following spells:

 Your Spells              Type           Power      Damage    Failure   Level
a - Shock                 Conj/Air       36%        1d5       8%          1
b - Static Discharge      Conj/Air       9%         N/A       11%         2
c - Swiftness             Air            12%        N/A       16%         3
d - Sandblast             Erth           2%         2d4       22%         1

Your spell library contained the following spells:

 Spells                   Type           Power      Damage    Failure   Level
 Airstrike                Air            6%         N/A       45%         4
 Leda's Liquefaction      Hex/Erth       0%         N/A       91%         4
 Polar Vortex             Ice            0%         N/A       100%        9


Dungeon Overview and Level Annotations

Branches:
Dungeon (3/15)

Altars:

Shops:
D:2 (


Innate Abilities, Weirdness & Mutations

You have extremely sharp teeth.
When hurt, damage is shared between your health and your magic reserves.
Your bite disrupts and absorbs the magic of your enemies.
Potions cannot restore your health.


Message History

The adder is heavily wounded.
The adder bites you but does no damage.
You hit the adder. Your bite misses the adder.
The adder is almost dead.
The adder completely misses you.
An orc comes into view. It is wielding a +0 flail.
The adder barely misses you.
Casting: Shock (safe; 8% risk of failure)
Confirm with . or Enter, or press ? or * to list all spells.
Aiming: Shock (safe; 8% risk of failure)
Press: ? - help, Shift-Dir - straight line, f/p - adder
Aim: an adder (almost dead, 48% to hit)
The zap hits the adder.
You kill the adder!
The orc shouts!
You hear a shout!
You closely miss the orc. The orc misses you.
You hit the orc. You bite the orc.
You kill the orc!
You see here a +0 war axe.
You hit the orc. Your bite misses the orc.
The orc is heavily wounded.
The orc hits you with a +0 flail. x2
You closely miss the orc. Your bite misses the orc.
The orc is heavily wounded.
The orc closely misses you.
You closely miss the orc.
The orc is heavily wounded.
The orc barely misses you.
You hit the orc.
The orc is heavily wounded.
The orc hits you with a +0 flail.
You closely miss the orc. You bite the orc. You drain its power.
You feel invigorated.
The orc is severely wounded.
The orc hits you with a +0 flail. The orc barely misses you.
There are monsters nearby!
There is a stone staircase leading up here.
The orc hits you with a +0 flail!
Ouch! That really hurt!
You die...

#.#########
........@.#
.#####o#.# ..
#o#.# ...
..#####†#.# ##.#.
#.....)..#
##r.."#
#.####...# .....#
#...# ....r#
#...########....#
#.......o.......#


You could see 2 orcs.

Vanquished Creatures
  An adder (D:3)
  An orc (D:3)
  5 endoplasms
  4 goblins
  3 hobgoblins
  4 kobolds
  3 quokkas
  6 ball pythons
  3 bats (D:1)
  2 frilled lizards (D:1)
  2 rats
34 creatures vanquished.

Notes
Turn   | Place    | Note
-------+----------+-------------------------------------------
     0 | D:1      | croobank the Vine Stalker Air Elementalist began the quest
                  | for the Orb.
     0 | D:1      | Reached XP level 1. HP: 9/9 MP: 4/4
   142 | D:1      | Got the Handbook of the Snowflakes and Earth
   510 | D:1      | Reached XP level 2. HP: 7/13 MP: 1/6
   647 | D:1      | Learned a level 2 spell: Static Discharge
  1459 | D:1      | Reached XP level 3. HP: 16/16 MP: 2/7
  1557 | D:1      | Learned a level 3 spell: Swiftness
  1741 | D:2      | Learned a level 1 spell: Sandblast
  1923 | D:2      | Found Waneunab's Antique Weapon Boutique.
  2992 | D:3      | Slain by an orc

Illustrated notes

Levels and vault maps discovered:
D:1:      dpeg_arrival_stone_temple_mockup, layout_loops_ring, minmay_cut_off
D:2:      layout_basic, serial_shops, shop, corexii_leaking_fountain
D:3:      layout_loops_ring, amcnicky_altar_gilded, general_overflow_altar,
          hangedman_decor_peaks_small, uniq_natasha

Skill      XL: |  1  2  3 |
---------------+----------+-----
Stealth        | 3 |  3.1
Dodging        | 2 |  2.0
Spellcasting   | |  2.6
Conjurations   | |  1.6
Air Magic      | |  3.3

Action                   || total
-------------------------++-------
Melee: Unarmed           ||     8
       Dagger            ||     9
       Bite              ||     8
       Hand axe          ||    10
 Cast: Shock             ||    27
       Static Discharge  ||    18
  Use: Scroll            ||     7
Armor: Robe              ||     6
Dodge: Dodged            ||    26

Table legend: (Time is in decaauts)
 A = Elapsed time spent in this place.
 B = Non-inter-level travel time spent in this place.
 C = Inter-level travel time spent in this place.
 D = Time resting spent in this place.
 E = Time spent auto-exploring this place.
 F = Levels seen in this place.
 G = Mean time per level.
                   A        B        C        D        E       F      G
               +--------+--------+--------+--------+--------+-----+--------+
         Total |   2993 |   2889 |    104 |    902 |   1560 |   3 |  997.7 |
       Dungeon |   2993 |   2889 |    104 |    902 |   1560 |   3 |  997.7 |
               +--------+--------+--------+--------+--------+-----+--------+

Top non-repeatable levels by time:
     D:1: 1645 daAuts
     D:2: 1216 daAuts
     D:3: 131 daAuts
